 Dungeon Crawl Stone Soup version 0.30-a0-12-gd8047c6341 (webtiles) character file.

Game seed: 15490265186675815024

263 Newt the Trooper (level 5, -2/42 HPs)
             Began as a Demonspawn Gladiator on Aug 23, 2022.
             Was an Initiate of Gozag.
             Killed from afar by an orc wizard (12 damage)
             ... with a puff of flame
             ... on level 4 of the Dungeon.
             The game lasted 00:03:52 (2885 turns).

Newt the Trooper (Demonspawn Gladiator)             Turns: 2885, Time: 00:03:53

Health: -2/42      AC:  6    Str: 22    XL:     5   Next: 98%
Magic:  5/5        EV: 12    Int: 10    God:    Gozag
Gold:   181        SH:  4    Dex: 14    Spells: 4/4 levels left

rFire   . . .      SeeInvis .    l - +2 dagger (venom)
rCold   . . .      Faith    .    (no shield)
rNeg    . . .      Spirit   .    b - +0 leather armour
rPois   .          Reflect  .    c - +0 helmet
rElec   .          Harm     .    (no cloak)
rCorr   .          Rampage  .    m - +1 pair of gloves
Will    .....                    (no boots)
Stlth   ++........               (no amulet)
HPRegen 0.14/turn                t - +6 ring of strength
MPRegen 0.09/turn                (no ring)

@: gold aura
A: large bone plates 1, spiny 1, demonic magic 1
a: Renounce Religion, Potion Petition, Call Merchant, Bribe Branch


You were on level 4 of the Dungeon.
You worshipped Gozag.
Gozag was aware of your devotion.
You visited 1 branch of the dungeon, and saw 4 of its levels.

You collected 224 gold pieces.
You paid 43 gold pieces to Gozag.

Inventory:

Hand Weapons
 a - a +0 rapier
 l - a +2 dagger of venom (weapon)
 s - a +1 war axe
Missiles
 d - 3 throwing nets (quivered)
 e - a javelin
Armour
 b - a +0 leather armour (worn)
 c - a +0 helmet (worn)
 i - an orb of wrath
 m - a +1 pair of gloves (worn)
Jewellery
 t - a +6 ring of strength (left hand)
Wands
 r - a wand of light (11)
Scrolls
 n - a scroll of vulnerability
Potions
 f - a potion of degeneration {unknown}
 g - a potion of experience {unknown}
 h - 4 potions of lignification
 j - a potion of brilliance {unknown}
 k - a potion of flight {unknown}
 o - a potion of haste {unknown}
 p - a potion of resistance {unknown}
 q - a potion of curing {unknown}


   Skills:
 - Level 4.0 Fighting
 - Level 4.0 Short Blades
 + Level 3.1 Throwing
 - Level 2.6 Dodging
 - Level 2.0 Stealth


You had 4 spell levels left.
You didn't know any spells.
Your spell library contained the following spells:

 Spells                   Type           Power      Damage    Failure   Level
 Summon Small Mammal      Summ           0%         N/A       41%         1
 Ensorcelled Hibernation  Hex/Ice        0%         N/A       54%         2
 Static Discharge         Conj/Air       0%         3-3/arc   54%         2
 Sublimation of Blood     Necr           0%         N/A       54%         2
 Call Canine Familiar     Summ           0%         N/A       78%         3
 Ozocubu's Armour         Ice            0%         N/A       78%         3
 Spider Form              Tmut/Pois      0%         N/A       78%         3
 Summon Guardian Golem    Hex/Summ       0%         N/A       78%         3
 Anguish                  Hex/Necr       0%         N/A       99%         4
 Petrify                  Tmut/Erth      0%         N/A       99%         4
 Fireball                 Conj/Fire      0%         3d3       100%        5
 Irradiate                Conj/Tmut      0%         3d11      100%        5
 Iskenderun's Battlesphe  Conj           0%         2d6       100%        5
 Lightning Bolt           Conj/Air       0%         1d11      100%        5
 Conjure Ball Lightning   Conj/Air       0%         3x3d6     100%        6
 Orb of Destruction       Conj           0%         9d5       100%        7
 Ozocubu's Refrigeration  Ice            0%         4d7       100%        7
 Maxwell's Capacitive Co  Air            0%         ∞         100%        8


Dungeon Overview and Level Annotations

Branches:
Dungeon (4/15)
 Temple: D:4-7

Altars:
Gozag
Kikubaaqudgha
Sif Muna

Annotations:
D:4 1 transporter


Innate Abilities, Weirdness & Mutations

You are partially covered in large bone plates. (SH +4)
You are partially covered in sharp spines.
Spells you cast may paralyse adjacent enemies.


Message History

You hit the orc.
The orc is severely wounded.
The orc is struck by your spines.
You kill the orc!
The orc wizard gestures at you while chanting.
The magic dart hits you.
You hear some strange, mumbled words.
A puff of flame appears from out of thin air!
The puff of flame hits you!
* * * LOW HITPOINT WARNING * * *
The dart slug is distracted by your dazzling golden aura.
Things that are here:
6 gold pieces; a +0 hand axe The dart slug is no longer distracted by gold.
You hear some strange, mumbled words.
A magic dart appears from out of thin air!
The magic dart hits you but does no damage.
The orc wizard hits you with a +0 dagger.
* * * LOW HITPOINT WARNING * * *
Unknown command.
You hit the orc wizard.
The orc wizard is lightly wounded.
The orc wizard hits you with a +0 dagger.
* * * LOW HITPOINT WARNING * * *
You hear a shout!
Unknown command.
You hit the orc wizard.
The orc wizard is poisoned.
The orc wizard is lightly wounded.
The orc wizard barely misses you.
Unknown command.
You closely miss the orc wizard.
The orc wizard is lightly wounded.
Unknown command.
You hit the orc wizard.
The orc wizard looks as sick as possible!
The orc wizard is lightly wounded.
The orc wizard casts a spell at you. The puff of flame hits you!
You die...
Your body crumbles into a pile of gold.

.#. ....!_#......# #.###
.#.. #. #?$#......#####...#
.#8.##.##h8#.............#
.##...©wSo##.............##
.#########...............#
........................#
###...$.................
#....$.......#.........#
.........{@.$..##.....#.#..
#..........o..##.....####..
#...........o$.......#.##..
........................#..
...........................
.......##..#.....##.. .....
....... #..##..... . .....
... ##......... .....
.....oo. .....


You could see an orc warrior, a howler monkey, an orc wizard (extremely
poisoned), an adder, a dart slug and an orc.

Vanquished Creatures
  An ogre (D:4)
  An iguana (D:4)
  An orc wizard (D:3)
  4 gnolls
  An adder (D:2)
  A worm (D:2)
  3 dart slugs
  4 orcs
  5 ball pythons
  5 bats
  7 endoplasms
  6 giant cockroaches
  4 goblins
  6 hobgoblins
  7 jackals (D:2)
  3 quokkas
  7 kobolds
  3 rats
69 creatures vanquished.

Notes
Turn   | Place    | Note
-------+----------+-------------------------------------------
     0 | D:1      | Newt the Demonspawn Gladiator began the quest for the Orb.
     0 | D:1      | Reached XP level 1. HP: 16/16 MP: 1/1
    62 | D:1      | Reached skill level 1 in Stealth
   187 | D:1      | Gained mutation: You are partially covered in large bone
                  | plates. (SH +4) [demonic ancestry]
   187 | D:1      | Reached XP level 2. HP: 22/22 MP: 2/2
  1020 | D:1      | Gained mutation: You are partially covered in sharp spines.
                  | [demonic ancestry]
  1020 | D:1      | Reached XP level 3. HP: 19/29 MP: 3/3
  1261 | D:2      | Gained mutation: Spells you cast may paralyse adjacent
                  | enemies. [demonic ancestry]
  1261 | D:2      | Reached XP level 4. HP: 37/37 MP: 4/4
  1951 | D:3      | Found an ancient bone altar of Kikubaaqudgha.
  1973 | D:3      | Noticed an eye of devastation
  1975 | D:3      | Found a faded altar of an unknown god.
  1978 | D:3      | Noticed an eye of devastation
  1978 | D:3      | Noticed a floating eye
  1978 | D:3      | Noticed a floating eye
  2232 | D:3      | Found an opulent altar of Gozag.
  2245 | D:3      | Became a worshipper of Gozag Ym Sagoz the Greedy
  2295 | D:3      | Reached XP level 5. HP: 23/42 MP: 5/5
  2852 | D:4      | Found a shimmering blue altar of Sif Muna.
  2854 | D:4      | Noticed an orc warrior
  2856 | D:4      | Found a transporter.
  2860 | D:4      | Noticed an ogre
  2876 | D:4      | Killed an ogre
  2885 | D:4      | Killed from afar by an orc wizard

Illustrated notes

Levels and vault maps discovered:
D:1:      minmay_arrival_cross, layout_basic, glass_columns_b, hex_intersection,
          minivault_23
D:2:      layout_loops_ring
D:3:      layout_loops_ring, nicolae_gozag_seed_capital,
          mainiacjoe_overflow_chevrons, hellmonk_ecumenical_altar_watching_god
D:4:      layout_cave_pools, gammafunk_temple_overflow_arena

Skill      XL: |  1  2  3  4  5 |
---------------+----------------+-----
Stealth        | 1 2 |  2.0
Fighting       | 3 4 |  4.0
Short Blades   | 3 4 |  4.0
Throwing       | 3 |  3.1
Dodging        | |  2.6

Action                   |  1- 3 |  4- 6 || total
-------------------------+-------+-------++-------
Melee: Rapier            |    83 |    41 ||   124
       Dagger            |       |    46 ||    46
  Use: Scroll            |       |     8 ||     8
 Stab: Sleeping          |     7 |     5 ||    12
       Distracted        |       |     1 ||     1
Armor: Leather armour    |    22 |    15 ||    37
Dodge: Dodged            |    58 |    29 ||    87
Block: Other             |    16 |    12 ||    28

Table legend: (Time is in decaauts)
 A = Elapsed time spent in this place.
 B = Non-inter-level travel time spent in this place.
 C = Inter-level travel time spent in this place.
 D = Time resting spent in this place.
 E = Time spent auto-exploring this place.
 F = Levels seen in this place.
 G = Mean time per level.
                   A        B        C        D        E       F      G
               +--------+--------+--------+--------+--------+-----+--------+
         Total |   2886 |   2774 |    112 |    523 |   1766 |   4 |  721.5 |
       Dungeon |   2886 |   2774 |    112 |    523 |   1766 |   4 |  721.5 |
               +--------+--------+--------+--------+--------+-----+--------+

Top non-repeatable levels by time:
     D:1: 1061 daAuts
     D:3: 889 daAuts
     D:2: 845 daAuts
     D:4: 89 daAuts
